Oilers vs Penguins
Created - 9 février 2015 at 19:10
Goals
|
Oilers |
0 |
3 |
1 |
1 |
5 |
Penguins |
1 |
2 |
1 |
0 |
4 |
|
Shots
|
Oilers |
6 |
13 |
11 |
2 |
32 |
Penguins |
7 |
10 |
9 |
0 |
26 |
|
1st period
1. Penguins , Brooks Orpik 5 (Nathan Horton, Peter Forsberg) at 11:59 (PP)
Penalties :
Bobby Ryan (Pit) for Hooking (Minor) at 7:38, Zach Bogosian (Edm) for Goalie Interference (Minor) at 11:29
2nd period
2. Oilers , Pavel Datsyuk 31 (Ilya Kovalchuk, Christian Ehrhoff) at 1:49
3. Penguins , Peter Forsberg 37 (Ryan Kesler) at 7:13
4. Oilers , Patrick Kane 32 (Jonathan Toews, Tomas Fleischmann) at 15:32
5. Oilers , Rob Scuderi 2 (Patrick Kaleta, Eric Nystrom) at 17:55
6. Penguins , Nathan Horton 21 (Peter Forsberg, Brooks Orpik) at 18:31
Penalties :
Brian McGrattan (Pit) for Boarding (Minor) at 4:46, Pavel Datsyuk (Edm) for Hooking (Minor) at 5:00, Brent Sopel (Pit) for Tripping (Minor) at 9:12, Pavel Datsyuk (Edm) for Hooking (Minor) at 13:19, Christian Ehrhoff (Edm) for Interference (Minor) at 19:13
3rd period
7. Oilers , Pavel Datsyuk 32 (Ilya Kovalchuk, Zach Bogosian) at 6:38
8. Penguins , Simon Gagné 25 (Nathan Horton, Dennis Seidenberg) at 17:14
Penalties :
Dustin Penner (Pit) for Hooking (Minor) at 3:39, Eric Nystrom (Edm) for Hooking (Minor) at 7:20, Steve Sullivan (Pit) for Tripping (Minor) at 13:32, Pavel Datsyuk (Edm) for Holding (Minor) at 18:27
Overtime #1
9. Oilers , Pavel Datsyuk 33 (Ilya Kovalchuk, Duncan Keith) at 1:04
Penalties :
No Penalty
Goalie Stats
Cam Ward (Edm), 22 saves from 26 shots - (0,846), W, 22-20-4, 61:04 minutes
Brian Elliott (Pit), 27 saves from 32 shots - (0,844), OTL, 27-16-6, 61:04 minutes
Players Stats for Oilers
Player Name G A P +/- PIM S H SB GA TA FO MP PP MP PK MP
------------------------------------------------------------------------------------
Adam Burish 0 0 0 1 0 1 2 0 0 0 2/4 22:20 4:13 3:42
Christian Ehrhoff 0 1 1 1 2 2 1 2 0 0 0/0 25:51 4:03 3:41
Duncan Keith 0 1 1 1 0 0 2 0 1 1 0/0 23:37 4:07 4:08
Eric Nystrom 0 1 1 1 2 0 1 0 0 0 1/1 10:51 0:00 2:08
Ian White 0 0 0 1 0 3 2 2 2 0 0/0 26:41 4:03 4:32
Ilya Kovalchuk 0 3 3 1 0 3 4 0 2 1 0/0 20:57 4:13 0:47
Jonathan Toews 0 1 1 0 0 4 2 2 0 0 10/19 19:07 3:57 1:02
Olli Jokinen 0 0 0 -1 0 1 0 0 0 0 1/1 6:16 0:00 0:00
Patrick Kaleta 0 1 1 1 0 1 0 0 1 0 0/1 8:28 0:00 0:00
Patrick Kane 1 0 1 1 0 7 0 0 1 0 1/4 17:49 3:57 0:00
Pavel Datsyuk 3 0 3 1 6 6 1 1 2 0 10/20 20:51 4:12 1:46
Peter Regin 0 0 0 1 0 1 1 0 0 0 7/12 12:16 0:00 3:44
Rob Scuderi 1 0 1 0 0 1 1 1 0 0 0/0 15:35 0:00 3:54
Scott Niedermayer 0 0 0 0 0 1 0 2 0 0 0/0 14:03 0:00 1:05
Steve Begin 0 0 0 -1 0 0 0 1 0 1 1/1 10:04 0:00 3:44
Tomas Fleischmann 0 1 1 1 0 0 2 0 0 0 1/2 16:22 3:57 0:00
Wayne Simmonds 0 0 0 -1 0 0 0 0 0 0 0/0 6:16 0:00 0:00
Zach Bogosian 0 1 1 1 2 1 0 2 0 1 0/0 16:21 4:07 0:00
Players Stats for Penguins
Player Name G A P +/- PIM S H SB GA TA FO MP PP MP PK MP
------------------------------------------------------------------------------------
Bobby Ryan 0 0 0 0 2 0 0 0 0 1 0/0 16:06 3:38 0:00
Brent Sopel 0 0 0 1 2 0 4 1 1 0 0/0 19:57 3:39 2:48
Brian McGrattan 0 0 0 0 2 1 0 0 0 0 0/1 12:26 0:14 1:44
Brooks Orpik 1 1 2 -1 0 2 1 0 0 2 0/0 30:37 4:34 4:00
Denis Arkhipov 0 0 0 -1 0 2 2 0 0 0 3/8 11:24 0:00 0:00
Dennis Seidenberg 0 1 1 -2 0 2 0 0 0 0 0/0 10:24 0:00 0:58
Dustin Penner 0 0 0 -1 2 0 1 1 0 0 0/0 18:09 3:38 1:07
Jay McKee 0 0 0 -2 0 1 1 0 1 2 0/0 27:11 4:34 3:43
Luke Schenn 0 0 0 1 0 0 1 0 0 0 0/0 3:36 0:00 0:46
Nathan Horton 1 2 3 0 0 4 2 0 0 0 0/2 21:04 4:21 2:27
Paul Ranger 0 0 0 -2 0 0 1 0 0 0 0/0 9:07 0:00 0:00
Peter Forsberg 1 2 3 -1 0 2 2 1 0 1 21/37 27:20 4:23 4:17
Raffi Torres 0 0 0 -1 0 0 0 0 0 0 0/0 4:15 0:00 0:08
Ryan Kesler 0 1 1 0 0 3 2 0 1 0 3/10 23:33 3:52 4:10
Sean Zimmerman 0 0 0 1 0 0 1 1 0 0 0/0 21:15 3:39 4:05
Simon Gagné 1 0 1 0 0 5 1 1 1 1 1/2 21:01 4:21 2:27
Steve Sullivan 0 0 0 0 2 3 0 0 0 2 1/2 12:44 0:12 0:00
Steven Stamkos 0 0 0 -1 0 1 0 0 0 0 2/3 4:07 0:00 0:00
3 Stars
1 - Nathan Horton (Pit)
2 - Ilya Kovalchuk (Edm)
3 - Pavel Datsyuk (Edm)
Power Play
Oilers - 0 on 5 Attempt(s) - 0,00%
Penguins - 1 on 6 Attempt(s) - 16,67%
Penalty Kill
Oilers - 5 on 6 Attempt(s) - 83,33%
- Score 0 goal in Penalty Kill
Penguins - 5 on 5 Attempt(s) - 100,00%
- Score 0 goal in Penalty Kill
Team Stat
Oilers - Hits : 19 - Faceoff Wins : 34 - Blocked Shots : 13 - Penalty Minutes : 12
Penguins - Hits : 19 - Faceoff Wins : 31 - Blocked Shots : 5 - Penalty Minutes : 10
Official
Referees : Joannette Marc and McCreary Bill
Linesman : Lonnie Cameron and Tim Nowak
Game Notes
Pavel Datsyuk has scored a Hat Trick!
Finance
Level 1 -- Attendance: 6000 (100,00%) -- Ticket Income 474 000 $
Level 2 -- Attendance: 5000 (100,00%) -- Ticket Income 225 000 $
Level 3 -- Attendance: 2000 (100,00%) -- Ticket Income 62 000 $
Level 4 -- Attendance: 4000 (100,00%) -- Ticket Income 64 000 $
Luxury Box -- Attendance: 1000 (100,00%) -- Ticket Income 167 000 $
Game was played at the Igloo'
Total Attendance: 18000 (100,00%)
Total Ticket Income: 992 000 $
Other Income: 148 800 $
Total Income: 1 140 800 $
Oilers
5 vs 5 Forward
Center Left Wing Right Wing Time % Phy DF OF
1 Pavel Datsyuk Ilya Kovalchuk Adam Burish 38 1 2 2
2 Jonathan Toews Tomas Fleischmann Patrick Kane 35 1 1 3
3 Peter Regin Eric Nystrom Patrick Kaleta 20 1 2 2
4 Olli Jokinen Steve Begin Wayne Simmonds 7 1 2 2
5 vs 5 Defense
Defense Defense Time % Phy DF OF
1 Ian White Christian Ehrhoff 39 1 2 2
2 Duncan Keith Rob Scuderi 30 1 2 2
3 Scott Niedermayer Zach Bogosian 25 1 2 2
4 Duncan Keith Scott Niedermayer 6 1 2 2
PowerPlay Forward
Center Left Wing Right Wing Time % Phy DF OF
1 Jonathan Toews Tomas Fleischmann Patrick Kane 50 1 1 3
2 Pavel Datsyuk Ilya Kovalchuk Adam Burish 50 1 1 3
PowerPlay Defense
Defense Defense Time % Phy DF OF
1 Ian White Christian Ehrhoff 50 0 2 3
2 Duncan Keith Zach Bogosian 50 0 2 3
Penalty Kill 4 Players Forward
Center Wing Time % Phy DF OF
1 Pavel Datsyuk Adam Burish 50 1 3 1
2 Peter Regin Steve Begin 50 1 3 1
Penalty Kill 4 Players Defense
Defense Defense Time % Phy DF OF
1 Ian White Christian Ehrhoff 50 1 3 1
2 Duncan Keith Rob Scuderi 50 1 3 1
Penalty Kill - 3 Players Forward
Forward Time % Phy DF OF
1 Pavel Datsyuk 50 1 4 0
2 Jonathan Toews 50 1 4 0
Penalty Kill - 3 Players Defense
Defense Defense Time % Phy DF OF
1 Ian White Christian Ehrhoff 50 1 4 0
2 Duncan Keith Rob Scuderi 50 1 4 0
4 vs 4 Forward
Center Wing Time % Phy DF OF
1 Pavel Datsyuk Ilya Kovalchuk 50 1 2 2
2 Jonathan Toews Patrick Kane 50 1 2 2
4 vs 4 Defense
Defense Defense Time % Phy DF OF
1 Ian White Christian Ehrhoff 50 1 2 2
2 Duncan Keith Scott Niedermayer 50 1 2 2
Last Minutes Offensive
Center Left Wing Right Wing Defense Defense
Pavel Datsyuk Ilya Kovalchuk Patrick Kane Ian White Duncan Keith
Last Minutes Defensive
Center Left Wing Right Wing Defense Defense
Pavel Datsyuk Ilya Kovalchuk Patrick Kane Ian White Duncan Keith
Goaltenders
Starting : Cam Ward
Backup : Sebastien Caron
Extra Forwards
Normal : Patrick Kane, Pavel Datsyuk, Ilya Kovalchuk - PP : Patrick Kaleta, Peter Regin - PK : Eric Nystrom
Extra Defensemen
Normal : Duncan Keith, Christian Ehrhoff, Ian White - PP : Scott Niedermayer - PK : Scott Niedermayer, Zach Bogosian
Penalty Shots
Ilya Kovalchuk, Patrick Kane, Pavel Datsyuk, Jonathan Toews, Olli Jokinen
Penguins
5 vs 5 Forward
Center Left Wing Right Wing Time % Phy DF OF
1 Peter Forsberg Simon Gagné Nathan Horton 40 1 2 2
2 Ryan Kesler Dustin Penner Bobby Ryan 30 1 2 2
3 Denis Arkhipov Steve Sullivan Brian McGrattan 20 1 2 2
4 Steven Stamkos Raffi Torres Peter Forsberg 10 1 2 2
5 vs 5 Defense
Defense Defense Time % Phy DF OF
1 Brooks Orpik Jay McKee 40 1 2 2
2 Brent Sopel Sean Zimmerman 30 1 2 2
3 Paul Ranger Dennis Seidenberg 20 1 2 2
4 Luke Schenn Brooks Orpik 10 1 2 2
PowerPlay Forward
Center Left Wing Right Wing Time % Phy DF OF
1 Peter Forsberg Simon Gagné Nathan Horton 60 1 2 2
2 Ryan Kesler Dustin Penner Bobby Ryan 40 1 2 2
PowerPlay Defense
Defense Defense Time % Phy DF OF
1 Brooks Orpik Jay McKee 60 1 2 2
2 Brent Sopel Sean Zimmerman 40 1 2 2
Penalty Kill 4 Players Forward
Center Wing Time % Phy DF OF
1 Peter Forsberg Ryan Kesler 60 1 2 2
2 Simon Gagné Nathan Horton 40 1 2 2
Penalty Kill 4 Players Defense
Defense Defense Time % Phy DF OF
1 Brooks Orpik Jay McKee 60 1 2 2
2 Brent Sopel Sean Zimmerman 40 1 2 2
Penalty Kill - 3 Players Forward
Forward Time % Phy DF OF
1 Peter Forsberg 60 1 2 2
2 Ryan Kesler 40 1 2 2
Penalty Kill - 3 Players Defense
Defense Defense Time % Phy DF OF
1 Brooks Orpik Jay McKee 60 1 2 2
2 Brent Sopel Sean Zimmerman 40 1 2 2
4 vs 4 Forward
Center Wing Time % Phy DF OF
1 Peter Forsberg Ryan Kesler 60 1 2 2
2 Simon Gagné Nathan Horton 40 1 2 2
4 vs 4 Defense
Defense Defense Time % Phy DF OF
1 Brooks Orpik Jay McKee 60 1 2 2
2 Brent Sopel Sean Zimmerman 40 1 2 2
Last Minutes Offensive
Center Left Wing Right Wing Defense Defense
Peter Forsberg Simon Gagné Nathan Horton Brooks Orpik Jay McKee
Last Minutes Defensive
Center Left Wing Right Wing Defense Defense
Peter Forsberg Simon Gagné Nathan Horton Brooks Orpik Jay McKee
Goaltenders
Starting : Brian Elliott
Backup : Josh Tordjman
Extra Forwards
Normal : Steve Sullivan, Denis Arkhipov, Brian McGrattan - PP : Steve Sullivan, Denis Arkhipov - PK : Brian McGrattan
Extra Defensemen
Normal : Paul Ranger, Dennis Seidenberg, Luke Schenn - PP : Paul Ranger - PK : Dennis Seidenberg, Luke Schenn
Penalty Shots
Peter Forsberg, Ryan Kesler, Simon Gagné, Nathan Horton, Dustin Penner
% Time on Ice - Oilers
Lines # - Real PCT - Wanted PCT - Time Play
Normal Forward
1 - 32% - 38% - 13:24
2 - 33% - 35% - 13:44
3 - 20% - 20% - 8:28
4 - 15% - 7% - 6:16
Normal Defense
1 - 41% - 39% - 17:02
2 - 32% - 30% - 13:24
3 - 25% - 25% - 10:25
4 - 2% - 6% - 1:01
PP Forward
1 - 48% - 50% - 3:57
2 - 52% - 50% - 4:13
PP Defense
1 - 50% - 50% - 4:03
2 - 50% - 50% - 4:07
PK Forward
1 - 50% - 50% - 4:05
2 - 50% - 50% - 4:08
PK Defense
1 - 50% - 50% - 4:05
2 - 50% - 50% - 4:08
PK3 Forward
1 - 100% - 50% - 0:27
2 - 0% - 50% - 0:00
PK3 Defense
1 - 100% - 50% - 0:27
2 - 0% - 50% - 0:00
44 Forward
1 - 65% - 50% - 1:32
2 - 35% - 50% - 0:50
44 Defense
1 - 45% - 50% - 1:04
2 - 55% - 50% - 1:18
Last Minute Offensive - 0:00
Last Minute Defensive - 0:00
Total
Forward - 61:04
Defense - 61:04
|
% Time on Ice - Penguins
Lines # - Real PCT - Wanted PCT - Time Play
Normal Forward
1 - 36% - 40% - 15:09
2 - 30% - 30% - 12:24
3 - 24% - 20% - 10:12
4 - 10% - 10% - 4:07
Normal Defense
1 - 40% - 40% - 16:56
2 - 31% - 30% - 12:59
3 - 22% - 20% - 9:07
4 - 7% - 10% - 2:50
PP Forward
1 - 56% - 60% - 4:35
2 - 44% - 40% - 3:38
PP Defense
1 - 56% - 60% - 4:34
2 - 44% - 40% - 3:39
PK Forward
1 - 70% - 60% - 5:43
2 - 30% - 40% - 2:27
PK Defense
1 - 47% - 60% - 3:48
2 - 53% - 40% - 4:22
PK3 Forward
1 - 0% - 60%
2 - 0% - 40%
PK3 Defense
1 - 0% - 60%
2 - 0% - 40%
44 Forward
1 - 87% - 60% - 2:27
2 - 13% - 40% - 0:22
44 Defense
1 - 81% - 60% - 2:17
2 - 19% - 40% - 0:32
Last Minute Offensive - 0:00
Last Minute Defensive - 0:00
Total
Forward - 61:04
Defense - 61:04
|
Play by Play
1st period
0:01 of 1st period - Peter Forsberg wins face-off versus Pavel Datsyuk in neutral zone.
0:04 of 1st period - Snap shot by Peter Forsberg.
0:04 of 1st period - Shot Blocked by Ian White.
0:30 of 1st period - Wrist shot by Patrick Kane.
0:30 of 1st period - Stopped by Brian Elliott with a rebound.
0:46 of 1st period - Patrick Kaleta is hit by Brent Sopel and loses puck.
1:19 of 1st period - Rob Scuderi is hit by Brent Sopel and loses puck.
1:36 of 1st period - Bobby Ryan is hit by Jonathan Toews and loses puck.
2:53 of 1st period - Off-side.
2:54 of 1st period - Steve Sullivan wins face-off versus Pavel Datsyuk in neutral zone.
3:28 of 1st period - Wrist shot by Jonathan Toews.
3:28 of 1st period - Stopped by Brian Elliott with a rebound.
3:40 of 1st period - Off-side.
3:41 of 1st period - Peter Forsberg wins face-off versus Peter Regin in neutral zone.
3:44 of 1st period - Snap shot by Simon Gagné.
3:44 of 1st period - Shot Misses the Net.
4:31 of 1st period - Backhand shot by Brian McGrattan.
4:31 of 1st period - Stopped by Cam Ward with a rebound.
4:33 of 1st period - Snap shot by Denis Arkhipov.
4:33 of 1st period - Shot Misses the Net.
4:35 of 1st period - Snap shot by Steve Sullivan.
4:35 of 1st period - Shot Misses the Net.
4:37 of 1st period - Slapshot by Brooks Orpik.
4:37 of 1st period - Stopped by Cam Ward without a rebound.
4:38 of 1st period - Peter Forsberg wins face-off versus Adam Burish in Oilers zone.
4:39 of 1st period - Wrist shot by Nathan Horton.
4:39 of 1st period - Shot Misses the Net.
4:49 of 1st period - Slapshot by Peter Forsberg.
4:49 of 1st period - Shot Hit the Post.
4:51 of 1st period - Slapshot by Dennis Seidenberg.
4:51 of 1st period - Shot Misses the Net.
5:03 of 1st period - Scott Niedermayer is hit by Ryan Kesler and loses puck.
5:12 of 1st period - Slapshot by Ryan Kesler.
5:12 of 1st period - Stopped by Cam Ward with a rebound.
5:22 of 1st period - Snap shot by Peter Regin.
5:22 of 1st period - Stopped by Brian Elliott without a rebound.
5:23 of 1st period - Peter Regin wins face-off versus Denis Arkhipov in Penguins zone.
5:50 of 1st period - Duncan Keith is hit by Nathan Horton and loses puck.
5:55 of 1st period - Snap shot by Peter Forsberg.
5:55 of 1st period - Shot Misses the Net.
6:57 of 1st period - Snap shot by Ian White.
6:57 of 1st period - Stopped by Brian Elliott without a rebound.
6:58 of 1st period - Ryan Kesler wins face-off versus Jonathan Toews in Penguins zone.
7:38 of 1st period - Minor Penalty to Bobby Ryan for Hooking.
7:39 of 1st period - Jonathan Toews wins face-off versus Peter Forsberg in Penguins zone.
7:53 of 1st period - Snap shot by Patrick Kane.
7:53 of 1st period - Shot Misses the Net.
7:55 of 1st period - Wrist shot by Jonathan Toews.
7:55 of 1st period - Shot Misses the Net.
9:38 of 1st period - Penalty to Bobby Ryan is over, Bobby Ryan is back on ice.
10:13 of 1st period - Wrist shot by Olli Jokinen.
10:13 of 1st period - Shot Misses the Net.
10:15 of 1st period - Slapshot by Ian White.
10:15 of 1st period - Deflect By Olli Jokinen.
10:15 of 1st period - Shot Misses the Net.
10:15 of 1st period - Puck is out of play.
10:16 of 1st period - Peter Regin wins face-off versus Peter Forsberg in Penguins zone.
10:35 of 1st period - Denis Arkhipov is hit by Jonathan Toews and loses puck.
10:52 of 1st period - Rob Scuderi is hit by Jay McKee and loses puck.
11:29 of 1st period - Minor Penalty to Zach Bogosian for Goalie Interference.
11:30 of 1st period - Pavel Datsyuk wins face-off versus Peter Forsberg in Oilers zone.
11:39 of 1st period - Wrist shot by Nathan Horton.
11:39 of 1st period - Stopped by Cam Ward with a rebound.
11:41 of 1st period - Slapshot by Brooks Orpik.
11:41 of 1st period - Shot Blocked by Steve Begin.
11:43 of 1st period - Slapshot by Jay McKee.
11:43 of 1st period - Stopped by Cam Ward without a rebound.
11:44 of 1st period - Pavel Datsyuk wins face-off versus Nathan Horton in Oilers zone.
11:53 of 1st period - Snap shot by Peter Forsberg.
11:53 of 1st period - Shot Misses the Net.
11:55 of 1st period - Wrist shot by Nathan Horton.
11:55 of 1st period - Shot Misses the Net.
11:57 of 1st period - Slapshot by Brooks Orpik.
11:57 of 1st period - Shot Misses the Net.
11:59 of 1st period - Backhand shot by Brooks Orpik.
11:59 of 1st period - Goal by Brooks Orpik - Oilers : 0 - Penguins : 1.
12:00 of 1st period - Peter Forsberg wins face-off versus Pavel Datsyuk in neutral zone.
12:56 of 1st period - Backhand shot by Patrick Kaleta.
12:56 of 1st period - Shot Misses the Net.
12:58 of 1st period - Snap shot by Christian Ehrhoff.
12:58 of 1st period - Shot Blocked by Brent Sopel.
13:24 of 1st period - Scott Niedermayer is hit by Brent Sopel and loses puck.
13:43 of 1st period - Patrick Kane is hit by Sean Zimmerman.
14:33 of 1st period - Backhand shot by Olli Jokinen.
14:33 of 1st period - Stopped by Brian Elliott with a rebound.
15:56 of 1st period - Icing by Steve Sullivan.
15:57 of 1st period - Jonathan Toews wins face-off versus Ryan Kesler in Penguins zone.
16:08 of 1st period - Backhand shot by Jonathan Toews.
16:08 of 1st period - Shot Misses the Net.
16:10 of 1st period - Wrist shot by Jonathan Toews.
16:10 of 1st period - Stopped by Brian Elliott with a rebound.
18:35 of 1st period - Icing by Brooks Orpik.
18:36 of 1st period - Adam Burish wins face-off versus Denis Arkhipov in Penguins zone.
19:04 of 1st period - Snap shot by Nathan Horton.
19:04 of 1st period - Stopped by Cam Ward without a rebound.
19:05 of 1st period - Jonathan Toews wins face-off versus Ryan Kesler in Oilers zone.
19:30 of 1st period - Paul Ranger is hit by Rob Scuderi and loses puck.
19:39 of 1st period - Snap shot by Ilya Kovalchuk.
19:39 of 1st period - Shot Misses the Net.
19:57 of 1st period - Snap shot by Peter Regin.
19:57 of 1st period - Deflect By Brent Sopel.
19:57 of 1st period - Shot Misses the Net.
19:57 of 1st period - Puck is out of play.
19:58 of 1st period - Jonathan Toews wins face-off versus Peter Forsberg in Penguins zone.
Goals for this period are 0 for Oilers vs 1 for Penguins.
Shots for this period are 6 for Oilers vs 7 for Penguins.
2nd period
0:01 of 2nd period - Pavel Datsyuk wins face-off versus Peter Forsberg in neutral zone.
0:10 of 2nd period - Slapshot by Pavel Datsyuk.
0:10 of 2nd period - Shot Misses the Net.
0:12 of 2nd period - Wrist shot by Christian Ehrhoff.
0:12 of 2nd period - Deflect By Ilya Kovalchuk.
0:12 of 2nd period - Shot Misses the Net.
0:12 of 2nd period - Puck is out of play.
0:13 of 2nd period - Pavel Datsyuk wins face-off versus Peter Forsberg in Penguins zone.
0:18 of 2nd period - Snap shot by Ilya Kovalchuk.
0:18 of 2nd period - Shot Misses the Net.
0:32 of 2nd period - Christian Ehrhoff is hit by Peter Forsberg and loses puck.
0:51 of 2nd period - Wrist shot by Jonathan Toews.
0:51 of 2nd period - Shot Misses the Net.
1:47 of 2nd period - Wrist shot by Pavel Datsyuk.
1:47 of 2nd period - Shot Misses the Net.
1:49 of 2nd period - Snap shot by Pavel Datsyuk.
1:49 of 2nd period - Goal by Pavel Datsyuk - Oilers : 1 - Penguins : 1.
1:50 of 2nd period - Ryan Kesler wins face-off versus Pavel Datsyuk in neutral zone.
2:01 of 2nd period - Slapshot by Bobby Ryan.
2:01 of 2nd period - Shot Misses the Net.
2:25 of 2nd period - Snap shot by Jonathan Toews.
2:25 of 2nd period - Shot Blocked by Simon Gagné.
3:11 of 2nd period - Snap shot by Steve Sullivan.
3:11 of 2nd period - Shot Misses the Net.
3:13 of 2nd period - Wrist shot by Steve Sullivan.
3:13 of 2nd period - Stopped by Cam Ward without a rebound.
3:14 of 2nd period - Peter Forsberg wins face-off versus Pavel Datsyuk in Oilers zone.
3:15 of 2nd period - Wrist shot by Simon Gagné.
3:15 of 2nd period - Shot Misses the Net.
3:17 of 2nd period - Backhand shot by Dennis Seidenberg.
3:17 of 2nd period - Stopped by Cam Ward with a rebound.
3:19 of 2nd period - Snap shot by Peter Forsberg.
3:19 of 2nd period - Stopped by Cam Ward with a rebound.
3:39 of 2nd period - Christian Ehrhoff is hit by Paul Ranger and loses puck.
3:58 of 2nd period - Snap shot by Steven Stamkos.
3:58 of 2nd period - Stopped by Cam Ward without a rebound.
3:59 of 2nd period - Steven Stamkos wins face-off versus Jonathan Toews in Oilers zone.
4:24 of 2nd period - Bobby Ryan is hit by Eric Nystrom and loses puck.
4:46 of 2nd period - Minor Penalty to Brian McGrattan for Boarding.
4:47 of 2nd period - Peter Forsberg wins face-off versus Pavel Datsyuk in Penguins zone.
5:00 of 2nd period - Minor Penalty to Pavel Datsyuk for Hooking.
5:01 of 2nd period - Peter Forsberg wins face-off versus Patrick Kane in Oilers zone.
5:52 of 2nd period - Eric Nystrom is hit by Denis Arkhipov and loses puck.
5:59 of 2nd period - Snap shot by Denis Arkhipov.
5:59 of 2nd period - Stopped by Cam Ward without a rebound.
6:00 of 2nd period - Peter Forsberg wins face-off versus Patrick Kane in Oilers zone.
6:01 of 2nd period - Backhand shot by Ryan Kesler.
6:01 of 2nd period - Stopped by Cam Ward without a rebound.
6:02 of 2nd period - Patrick Kane wins face-off versus Peter Forsberg in Oilers zone.
6:09 of 2nd period - Snap shot by Scott Niedermayer.
6:09 of 2nd period - Shot Misses the Net.
6:11 of 2nd period - Snap shot by Patrick Kane.
6:11 of 2nd period - Stopped by Brian Elliott with a rebound.
6:13 of 2nd period - Slapshot by Duncan Keith.
6:13 of 2nd period - Deflect By Ilya Kovalchuk.
6:13 of 2nd period - Stopped by Brian Elliott without a rebound.
6:14 of 2nd period - Peter Forsberg wins face-off versus Patrick Kane in Penguins zone.
6:27 of 2nd period - Snap shot by Peter Forsberg.
6:27 of 2nd period - Shot Blocked by Scott Niedermayer.
6:39 of 2nd period - Brooks Orpik is hit by Ilya Kovalchuk and loses puck.
6:46 of 2nd period - Penalty to Brian McGrattan is over, Brian McGrattan is back on ice.
6:46 of 2nd period - Duncan Keith is hit by Peter Forsberg and loses puck.
7:00 of 2nd period - Penalty to Pavel Datsyuk is over, Pavel Datsyuk is back on ice.
7:13 of 2nd period - Snap shot by Peter Forsberg.
7:13 of 2nd period - Goal by Peter Forsberg - Oilers : 1 - Penguins : 2.
7:14 of 2nd period - Denis Arkhipov wins face-off versus Patrick Kaleta in neutral zone.
7:40 of 2nd period - Jay McKee is hit by Ian White and loses puck.
7:53 of 2nd period - Jay McKee is hit by Adam Burish and loses puck.
8:43 of 2nd period - Slapshot by Brooks Orpik.
8:43 of 2nd period - Shot Blocked by Scott Niedermayer.
8:45 of 2nd period - Snap shot by Raffi Torres.
8:45 of 2nd period - Shot Misses the Net.
8:47 of 2nd period - Slapshot by Brooks Orpik.
8:47 of 2nd period - Shot Blocked by Zach Bogosian.
9:12 of 2nd period - Minor Penalty to Brent Sopel for Tripping.
9:13 of 2nd period - Peter Forsberg wins face-off versus Jonathan Toews in Penguins zone.
9:13 of 2nd period - Peter Forsberg is hit by Ian White.
9:18 of 2nd period - Slapshot by Sean Zimmerman.
9:18 of 2nd period - Shot Misses the Net.
9:39 of 2nd period - Dennis Seidenberg is hit by Ilya Kovalchuk and loses puck.
10:08 of 2nd period - Jonathan Toews is hit by Nathan Horton and loses puck.
10:32 of 2nd period - Peter Forsberg is hit by Pavel Datsyuk and loses puck.
11:12 of 2nd period - Penalty to Brent Sopel is over, Brent Sopel is back on ice.
11:17 of 2nd period - Snap shot by Steve Sullivan.
11:17 of 2nd period - Shot Blocked by Christian Ehrhoff.
11:19 of 2nd period - Slapshot by Denis Arkhipov.
11:19 of 2nd period - Stopped by Cam Ward without a rebound.
11:20 of 2nd period - Denis Arkhipov wins face-off versus Peter Regin in Oilers zone.
11:57 of 2nd period - Slapshot by Duncan Keith.
11:57 of 2nd period - Shot Misses the Net.
12:09 of 2nd period - Snap shot by Ilya Kovalchuk.
12:09 of 2nd period - Stopped by Brian Elliott with a rebound.
12:11 of 2nd period - Slapshot by Zach Bogosian.
12:11 of 2nd period - Stopped by Brian Elliott without a rebound.
12:12 of 2nd period - Peter Forsberg wins face-off versus Pavel Datsyuk in Penguins zone.
12:12 of 2nd period - Peter Forsberg is hit by Adam Burish.
12:20 of 2nd period - Simon Gagné is hit by Ilya Kovalchuk and loses puck.
12:37 of 2nd period - Slapshot by Scott Niedermayer.
12:37 of 2nd period - Stopped by Brian Elliott without a rebound.
12:38 of 2nd period - Jonathan Toews wins face-off versus Brian McGrattan in Penguins zone.
12:43 of 2nd period - Wrist shot by Jonathan Toews.
12:43 of 2nd period - Shot Misses the Net.
12:45 of 2nd period - Slapshot by Christian Ehrhoff.
12:45 of 2nd period - Stopped by Brian Elliott without a rebound.
12:46 of 2nd period - Peter Forsberg wins face-off versus Jonathan Toews in Penguins zone.
13:10 of 2nd period - Off-side.
13:11 of 2nd period - Pavel Datsyuk wins face-off versus Ryan Kesler in neutral zone.
13:19 of 2nd period - Minor Penalty to Pavel Datsyuk for Hooking.
13:20 of 2nd period - Peter Forsberg wins face-off versus Peter Regin in Oilers zone.
13:32 of 2nd period - Wrist shot by Nathan Horton.
13:32 of 2nd period - Shot Blocked by Ian White.
13:34 of 2nd period - Wrist shot by Peter Forsberg.
13:34 of 2nd period - Shot Misses the Net.
13:36 of 2nd period - Slapshot by Brooks Orpik.
13:36 of 2nd period - Shot Blocked by Christian Ehrhoff.
14:15 of 2nd period - Off-side.
14:16 of 2nd period - Peter Regin wins face-off versus Ryan Kesler in neutral zone.
15:19 of 2nd period - Penalty to Pavel Datsyuk is over, Pavel Datsyuk is back on ice.
15:30 of 2nd period - Slapshot by Patrick Kane.
15:30 of 2nd period - Shot Misses the Net.
15:32 of 2nd period - Snap shot by Patrick Kane.
15:32 of 2nd period - Goal by Patrick Kane - Oilers : 2 - Penguins : 2.
15:33 of 2nd period - Peter Forsberg wins face-off versus Jonathan Toews in neutral zone.
16:11 of 2nd period - Wrist shot by Peter Regin.
16:11 of 2nd period - Shot Misses the Net.
16:29 of 2nd period - Icing by Ilya Kovalchuk.
16:30 of 2nd period - Ryan Kesler wins face-off versus Pavel Datsyuk in Oilers zone.
16:59 of 2nd period - Backhand shot by Jonathan Toews.
16:59 of 2nd period - Stopped by Brian Elliott without a rebound.
17:00 of 2nd period - Peter Forsberg wins face-off versus Tomas Fleischmann in Penguins zone.
17:38 of 2nd period - Snap shot by Adam Burish.
17:38 of 2nd period - Stopped by Brian Elliott with a rebound.
17:53 of 2nd period - Snap shot by Patrick Kaleta.
17:53 of 2nd period - Shot Blocked by Peter Forsberg.
17:55 of 2nd period - Slapshot by Rob Scuderi.
17:55 of 2nd period - Goal by Rob Scuderi - Oilers : 3 - Penguins : 2.
17:56 of 2nd period - Jonathan Toews wins face-off versus Peter Forsberg in neutral zone.
18:05 of 2nd period - Slapshot by Patrick Kane.
18:05 of 2nd period - Stopped by Brian Elliott without a rebound.
18:06 of 2nd period - Tomas Fleischmann wins face-off versus Nathan Horton in Penguins zone.
18:13 of 2nd period - Snap shot by Tomas Fleischmann.
18:13 of 2nd period - Shot Misses the Net.
18:15 of 2nd period - Slapshot by Christian Ehrhoff.
18:15 of 2nd period - Stopped by Brian Elliott without a rebound.
18:16 of 2nd period - Peter Forsberg wins face-off versus Pavel Datsyuk in Penguins zone.
18:29 of 2nd period - Backhand shot by Nathan Horton.
18:29 of 2nd period - Shot Misses the Net.
18:31 of 2nd period - Wrist shot by Nathan Horton.
18:31 of 2nd period - Goal by Nathan Horton - Oilers : 3 - Penguins : 3.
18:32 of 2nd period - Peter Forsberg wins face-off versus Jonathan Toews in neutral zone.
18:39 of 2nd period - Backhand shot by Simon Gagné.
18:39 of 2nd period - Stopped by Cam Ward with a rebound.
19:13 of 2nd period - Minor Penalty to Christian Ehrhoff for Interference.
19:14 of 2nd period - Peter Forsberg wins face-off versus Peter Regin in Oilers zone.
19:29 of 2nd period - Adam Burish is hit by Brooks Orpik and loses puck.
19:43 of 2nd period - Off-side.
19:44 of 2nd period - Peter Regin wins face-off versus Ryan Kesler in neutral zone.
19:56 of 2nd period - Snap shot by Peter Regin.
19:56 of 2nd period - Shot Blocked by Dustin Penner.
19:58 of 2nd period - Wrist shot by Ian White.
19:58 of 2nd period - Shot Misses the Net.
Goals for this period are 3 for Oilers vs 2 for Penguins.
Shots for this period are 13 for Oilers vs 10 for Penguins.
3rd period
0:01 of 3rd period - Steve Begin wins face-off versus Peter Forsberg in neutral zone.
0:08 of 3rd period - Brooks Orpik is hit by Peter Regin and loses puck.
1:13 of 3rd period - Penalty to Christian Ehrhoff is over, Christian Ehrhoff is back on ice.
1:22 of 3rd period - Wrist shot by Patrick Kane.
1:22 of 3rd period - Deflect By Brian McGrattan.
1:22 of 3rd period - Shot Misses the Net.
1:22 of 3rd period - Puck is out of play.
1:23 of 3rd period - Denis Arkhipov wins face-off versus Jonathan Toews in Penguins zone.
1:30 of 3rd period - Snap shot by Steve Sullivan.
1:30 of 3rd period - Stopped by Cam Ward with a rebound.
1:32 of 3rd period - Slapshot by Dennis Seidenberg.
1:32 of 3rd period - Deflect By Zach Bogosian.
1:32 of 3rd period - Stopped by Cam Ward with a rebound.
1:34 of 3rd period - Slapshot by Paul Ranger.
1:34 of 3rd period - Shot Blocked by Jonathan Toews.
1:42 of 3rd period - Wrist shot by Steve Sullivan.
1:42 of 3rd period - Shot Blocked by Zach Bogosian.
1:44 of 3rd period - Slapshot by Steve Sullivan.
1:44 of 3rd period - Stopped by Cam Ward without a rebound.
1:45 of 3rd period - Pavel Datsyuk wins face-off versus Peter Forsberg in Oilers zone.
2:33 of 3rd period - Off-side.
2:34 of 3rd period - Pavel Datsyuk wins face-off versus Denis Arkhipov in neutral zone.
2:45 of 3rd period - Wrist shot by Ilya Kovalchuk.
2:45 of 3rd period - Deflect By Pavel Datsyuk.
2:45 of 3rd period - Stopped by Brian Elliott with a rebound.
2:47 of 3rd period - Wrist shot by Pavel Datsyuk.
2:47 of 3rd period - Deflect By Ilya Kovalchuk.
2:47 of 3rd period - Shot Misses the Net.
2:47 of 3rd period - Puck is out of play.
2:48 of 3rd period - Jonathan Toews wins face-off versus Peter Forsberg in Penguins zone.
3:22 of 3rd period - Wrist shot by Ryan Kesler.
3:22 of 3rd period - Stopped by Cam Ward without a rebound.
3:23 of 3rd period - Pavel Datsyuk wins face-off versus Ryan Kesler in Oilers zone.
3:39 of 3rd period - Minor Penalty to Dustin Penner for Hooking.
3:40 of 3rd period - Jonathan Toews wins face-off versus Peter Forsberg in Penguins zone.
3:40 of 3rd period - Wrist shot by Patrick Kane.
3:40 of 3rd period - Shot Misses the Net.
3:42 of 3rd period - Snap shot by Tomas Fleischmann.
3:42 of 3rd period - Shot Misses the Net.
3:44 of 3rd period - Slapshot by Jonathan Toews.
3:44 of 3rd period - Shot Misses the Net.
3:46 of 3rd period - Slapshot by Patrick Kane.
3:46 of 3rd period - Stopped by Brian Elliott without a rebound.
3:47 of 3rd period - Peter Forsberg wins face-off versus Jonathan Toews in Penguins zone.
4:22 of 3rd period - Snap shot by Pavel Datsyuk.
4:22 of 3rd period - Shot Misses the Net.
5:16 of 3rd period - Snap shot by Simon Gagné.
5:16 of 3rd period - Stopped by Cam Ward without a rebound.
5:17 of 3rd period - Simon Gagné wins face-off versus Pavel Datsyuk in Oilers zone.
5:22 of 3rd period - Snap shot by Nathan Horton.
5:22 of 3rd period - Stopped by Cam Ward with a rebound.
5:39 of 3rd period - Penalty to Dustin Penner is over, Dustin Penner is back on ice.
6:38 of 3rd period - Snap shot by Pavel Datsyuk.
6:38 of 3rd period - Goal by Pavel Datsyuk - Oilers : 4 - Penguins : 3.
6:39 of 3rd period - Jonathan Toews wins face-off versus Denis Arkhipov in neutral zone.
7:20 of 3rd period - Minor Penalty to Eric Nystrom for Hooking.
7:21 of 3rd period - Peter Regin wins face-off versus Peter Forsberg in Oilers zone.
7:48 of 3rd period - Wrist shot by Dustin Penner.
7:48 of 3rd period - Shot Blocked by Pavel Datsyuk.
8:34 of 3rd period - Duncan Keith is hit by Dustin Penner and loses puck.
9:20 of 3rd period - Penalty to Eric Nystrom is over, Eric Nystrom is back on ice.
9:27 of 3rd period - Slapshot by Ian White.
9:27 of 3rd period - Stopped by Brian Elliott with a rebound.
9:42 of 3rd period - Off-side.
9:43 of 3rd period - Steven Stamkos wins face-off versus Peter Regin in neutral zone.
10:08 of 3rd period - Adam Burish is hit by Denis Arkhipov.
10:52 of 3rd period - Slapshot by Duncan Keith.
10:52 of 3rd period - Shot Misses the Net.
10:54 of 3rd period - Wrist shot by Patrick Kaleta.
10:54 of 3rd period - Stopped by Brian Elliott without a rebound.
10:55 of 3rd period - Peter Regin wins face-off versus Denis Arkhipov in Penguins zone.
11:00 of 3rd period - Slapshot by Ian White.
11:00 of 3rd period - Shot Misses the Net.
11:41 of 3rd period - Wrist shot by Patrick Kane.
11:41 of 3rd period - Stopped by Brian Elliott without a rebound.
11:42 of 3rd period - Jonathan Toews wins face-off versus Peter Forsberg in Penguins zone.
11:55 of 3rd period - Snap shot by Peter Forsberg.
11:55 of 3rd period - Shot Blocked by Jonathan Toews.
11:57 of 3rd period - Snap shot by Simon Gagné.
11:57 of 3rd period - Stopped by Cam Ward with a rebound.
12:13 of 3rd period - Snap shot by Patrick Kane.
12:13 of 3rd period - Deflect By Bobby Ryan.
12:13 of 3rd period - Stopped by Brian Elliott without a rebound.
12:14 of 3rd period - Adam Burish wins face-off versus Peter Forsberg in Penguins zone.
12:17 of 3rd period - Backhand shot by Ilya Kovalchuk.
12:17 of 3rd period - Stopped by Brian Elliott with a rebound.
12:19 of 3rd period - Wrist shot by Pavel Datsyuk.
12:19 of 3rd period - Shot Hit the Post.
12:21 of 3rd period - Wrist shot by Pavel Datsyuk.
12:21 of 3rd period - Stopped by Brian Elliott with a rebound.
12:23 of 3rd period - Snap shot by Pavel Datsyuk.
12:23 of 3rd period - Stopped by Brian Elliott without a rebound.
12:24 of 3rd period - Pavel Datsyuk wins face-off versus Simon Gagné in Penguins zone.
12:27 of 3rd period - Snap shot by Pavel Datsyuk.
12:27 of 3rd period - Shot Hit the Post.
12:55 of 3rd period - Snap shot by Jonathan Toews.
12:55 of 3rd period - Stopped by Brian Elliott without a rebound.
12:56 of 3rd period - Pavel Datsyuk wins face-off versus Ryan Kesler in Penguins zone.
13:11 of 3rd period - Rob Scuderi is hit by Ryan Kesler and loses puck.
13:22 of 3rd period - Steve Sullivan is hit by Tomas Fleischmann and loses puck.
13:32 of 3rd period - Minor Penalty to Steve Sullivan for Tripping.
13:33 of 3rd period - Peter Forsberg wins face-off versus Jonathan Toews in Penguins zone.
14:25 of 3rd period - Nathan Horton is hit by Tomas Fleischmann and loses puck.
14:46 of 3rd period - Zach Bogosian is hit by Brent Sopel and loses puck.
15:32 of 3rd period - Penalty to Steve Sullivan is over, Steve Sullivan is back on ice.
15:39 of 3rd period - Dennis Seidenberg is hit by Duncan Keith and loses puck.
15:56 of 3rd period - Snap shot by Simon Gagné.
15:56 of 3rd period - Stopped by Cam Ward without a rebound.
15:57 of 3rd period - Olli Jokinen wins face-off versus Steve Sullivan in Oilers zone.
16:19 of 3rd period - Steve Begin is hit by Luke Schenn and loses puck.
16:26 of 3rd period - Brooks Orpik is hit by Duncan Keith and loses puck.
16:41 of 3rd period - Duncan Keith is hit by Simon Gagné and loses puck.
16:54 of 3rd period - Snap shot by Simon Gagné.
16:54 of 3rd period - Shot Blocked by Rob Scuderi.
17:14 of 3rd period - Snap shot by Simon Gagné.
17:14 of 3rd period - Goal by Simon Gagné - Oilers : 4 - Penguins : 4.
17:15 of 3rd period - Peter Regin wins face-off versus Steven Stamkos in neutral zone.
18:27 of 3rd period - Minor Penalty to Pavel Datsyuk for Holding.
18:28 of 3rd period - Peter Forsberg wins face-off versus Adam Burish in Oilers zone.
19:11 of 3rd period - Snap shot by Christian Ehrhoff.
19:11 of 3rd period - Shot Blocked by Sean Zimmerman.
19:23 of 3rd period - Sean Zimmerman is hit by Christian Ehrhoff and loses puck.
19:54 of 3rd period - Jay McKee is hit by Ilya Kovalchuk and loses puck.
Goals for this period are 1 for Oilers vs 1 for Penguins.
Shots for this period are 11 for Oilers vs 9 for Penguins.
Overtime #1
0:01 of 1st overtime period - Eric Nystrom wins face-off versus Peter Forsberg in neutral zone.
0:06 of 1st overtime period - Slapshot by Ian White.
0:06 of 1st overtime period - Stopped by Brian Elliott with a rebound.
0:27 of 1st overtime period - Penalty to Pavel Datsyuk is over, Pavel Datsyuk is back on ice.
1:04 of 1st overtime period - Snap shot by Pavel Datsyuk.
1:04 of 1st overtime period - Goal by Pavel Datsyuk - Oilers : 5 - Penguins : 4.
Goals for this period are 1 for Oilers vs 0 for Penguins.
Shots for this period are 2 for Oilers vs 0 for Penguins.
Output by the SimonT Hockey Simulator (STHS) for François Prévost -- Original Page W3C XHTML 1.0 Valid